[Event "ICC tourney 1911 (25 10)"]
[Site "Internet Chess Club"]
[Date "2020.07.11"]
[Round "1"]
[White "Chessplayer44"]
[Black "DankMemer"]
[Result "0-1"]
[ICCResult "White resigns"]
[WhiteElo "1303"]
[BlackElo "1544"]
[Opening "Queen's pawn"]
[ECO "A40"]
[NIC "QO.17"]
[Time "12:04:00"]
[TimeControl "1500+10"]

1. d4 e6 2. e3 d5 3. Bd3 Nf6 4. Nd2 c5 5. c3 Nc6 6. f4 Be7 7. Ngf3 a6 8. O-O
b5 9. Ne5 Qc7 10. Qf3 O-O 11. g4 Nd7 12. Qh3 g6 13. Ndf3 b4 14. Bd2 a5 15.
Rf2 Ba6 16. Bc2 Ndxe5 17. Nxe5 Nxe5 18. fxe5 Rfb8 19. Qf3 Bg5 20. e4 Bh4 21.
Rg2 cxd4 22. g5 dxc3 23. bxc3 d4 24. Qg4 bxc3 25. Bf4 d3 26. Bb3 Qc5+ 27.
Kh1 Bf2 28. Bxe6 Ra7 29. Bxf7+ Rxf7 30. e6 Rxf4 31. Qxf4 Rf8 32. Qg4 c2 33.
Rxf2 c1=Q+ 34. Rxc1 Qxc1+ 35. Kg2 Rxf2+ 36. Kxf2 Qc2+ 37. Kg3 Qc7+ 38. Kf2
d2 39. Qf3 Qc5+ 40. Kg2 Qxg5+ 41. Kf2 Qh4+ 42. Kg2 Qg5+ 43. Kf2 Qe7 44. Qb3
Qh4+ 45. Kf3 Qh3+ {White resigns} 0-1

[Event "ICC tourney 1911 (25 10)"]
[Site "Internet Chess Club"]
[Date "2020.07.11"]
[Round "1"]
[White "chesslin"]
[Black "HarleyQueen8"]
[Result "1-0"]
[ICCResult "Black checkmated"]
[WhiteElo "1767"]
[BlackElo "1504"]
[Opening "Queen's pawn: London system"]
[ECO "A45"]
[NIC "QP.07"]
[Time "12:04:02"]
[TimeControl "1500+10"]

1. d4 Nf6 2. Bf4 c5 3. d5 d6 4. c4 e6 5. Nc3 exd5 6. cxd5 Be7 7. e4 a6 8. a4
O-O 9. Bd3 Nbd7 10. Nf3 Qc7 11. O-O Ne5 12. Bxe5 dxe5 13. Nd2 Nd7 14. Nc4
Nb6 15. a5 Nxc4 16. Bxc4 Bd6 17. Qd2 f5 18. f4 exf4 19. e5 Kh8 20. exd6 Qxd6
21. Qxf4 Qf6 22. Rae1 Bd7 23. Rf3 Rae8 24. Rxe8 Rxe8 25. Re3 h6 26. Rxe8+
Bxe8 27. Qe3 Qf8 28. Qe5 Bd7 29. Ne2 Qd8 30. Qc3 Qe8 31. Nf4 Kh7 32. h4 Bc8
33. h5 Qe4 34. g3 Qb1+ 35. Kh2 Qe4 36. b3 Qe7 37. Ne6 Qf7 38. Qf3 Qf6 39.
Bd3 Qb2+ 40. Kh3 Qf6 41. Qxf5+ Qxf5+ 42. Bxf5+ Kg8 43. Kg4 Bd7 44. Nxc5 Bb5
45. Kf4 Kf8 46. Ke5 Ke7 47. d6+ Kd8 48. Nxb7+ Ke8 49. Nc5 Kd8 50. Bg4 Ke8
51. Bc8 Kd8 52. Bxa6 Bc6 53. Be2 Ke8 54. b4 Kd8 55. b5 Be8 56. a6 Kc8 57. b6
Bc6 58. b7+ Kb8 59. Bc4 Ka7 60. Bd5 Be8 61. Be6 Bb5 62. d7 Bxd7 63. Bxd7 Kb8
64. Kd6 g5 65. g4 Ka7 66. Kc6 Kb8 67. Bf5 Ka7 68. Be6 Kb8 69. Nd7+ Ka7 70.
b8=Q+ Kxa6 71. Qb6# {Black checkmated} 1-0

[Event "ICC tourney 1911 (25 10)"]
[Site "Internet Chess Club"]
[Date "2020.07.11"]
[Round "1"]
[White "ThunderingFish"]
[Black "anshulg"]
[Result "1-0"]
[ICCResult "Black resigns"]
[WhiteElo "1483"]
[BlackElo "1317"]
[Opening "R?ti: King's Indian attack"]
[ECO "A08"]
[NIC "QP.09"]
[Time "12:03:51"]
[TimeControl "1500+10"]

1. Nf3 d5 2. g3 c5 3. Bg2 e6 4. O-O Nf6 5. d3 Nc6 6. Nbd2 Be7 7. e4 dxe4 8.
dxe4 O-O 9. c3 Qc7 10. Qc2 Rd8 11. h4 e5 12. Nc4 Be6 13. Ne3 h6 14. Nh2 Rac8
15. Nf5 Bf8 16. g4 g6 17. Ne3 Qd7 18. Rd1 Bd6 19. f3 c4 20. Kh1 Kg7 21. Qd2
Ng8 22. Qe2 Qe7 23. h5 Bc5 24. Bd2 Bxe3 25. Bxe3 b6 26. hxg6 fxg6 27. Qf2
Rxd1+ 28. Rxd1 Rd8 29. Rd2 Rxd2 30. Bxd2 Qd7 31. Bf1 Nb8 32. g5 h5 33. f4
exf4 34. Bxf4 Na6 35. Nf3 Qb7 36. Qd4+ Kh7 37. Bxc4 Bxc4 38. Qxc4 Nc5 39.
Nd2 Qd7 40. b4 Qh3+ 41. Bh2 Ne6 42. Qd5 Nf4 43. Qf7+ Kh8 44. Qxf4 Qd3 45.
Qe5+ Kh7 46. Qc7+ Kh8 47. Be5+ Nf6 48. Bxf6+ {Black resigns} 1-0

[Event "ICC tourney 1911 (25 10)"]
[Site "Internet Chess Club"]
[Date "2020.07.11"]
[Round "1"]
[White "rachael1120"]
[Black "Aarush37"]
[Result "0-1"]
[ICCResult "White checkmated"]
[WhiteElo "1522"]
[BlackElo "1550"]
[Opening "Giuoco Piano"]
[ECO "C54"]
[NIC "IG.02"]
[Time "12:03:48"]
[TimeControl "1500+10"]

1. e4 e5 2. Nf3 Nc6 3. Bc4 Bc5 4. c3 Nf6 5. d4 exd4 6. cxd4 Bb4+ 7. Bd2 Nxe4
8. Bxb4 Nxb4 9. Bxf7+ Kxf7 10. Qb3+ d5 11. Qxb4 Qe7 12. Qxe7+ Kxe7 13. Nbd2
Re8 14. O-O Kf8 15. Rfe1 Bf5 16. Nxe4 dxe4 17. Nh4 Bd7 18. g3 Rad8 19. Rad1
Bg4 20. Rd2 Rd6 21. a3 g5 22. Ng2 Bf3 23. Rc1 c6 24. Rc5 Red8 25. Rf5+ Ke7
26. Ne1 Rxd4 27. Rxd4 Rxd4 28. Nxf3 exf3 29. Rxf3 Rd2 30. Rb3 b5 31. Re3+
Kd6 32. b4 c5 33. bxc5+ Kxc5 34. Re7 a5 35. Rc7+ Kb6 36. Rxh7 b4 37. axb4
axb4 38. Rh6+ Kb5 39. Re6 b3 40. Re1 Kc4 41. h4 gxh4 42. gxh4 b2 43. h5 Rc2
44. Re4+ Kb3 45. Re1 Rc1 46. Kf1 Rxe1+ 47. Kxe1 b1=Q+ 48. Ke2 Qh7 49. f4
Qxh5+ 50. Ke3 Qf5 51. Kf3 Kc3 52. Ke3 Kc4 53. Kf3 Kd3 54. Kg3 Ke3 55. Kg2
Qxf4 56. Kh1 Qg5 57. Kh2 Kf3 58. Kh1 Qg2# {White checkmated} 0-1

[Event "ICC tourney 1911 (25 10)"]
[Site "Internet Chess Club"]
[Date "2020.07.11"]
[Round "1"]
[White "abi2009"]
[Black "KingSacrifice-1"]
[Result "0-1"]
[ICCResult "White resigns"]
[WhiteElo "1415"]
[BlackElo "1452"]
[Opening "Scandinavian (center counter) defense"]
[ECO "B01"]
[NIC "VO.17"]
[Time "12:03:50"]
[TimeControl "1500+10"]

1. e4 d5 2. exd5 c6 3. dxc6 Nxc6 4. Nf3 Bg4 5. Be2 Nf6 6. Nc3 e5 7. d3 Bc5
8. O-O Qc7 9. h3 Bf5 10. Bg5 O-O-O 11. Qc1 h6 12. Be3 Nd4 13. a4 g5 14. Bxd4
exd4 15. Nb5 Qb8 16. b4 Bd6 17. Nbxd4 Bd7 18. c4 Bf4 19. Qc2 h5 20. c5 Bg4
21. c6 b6 22. c7 Bxc7 23. Nc6 Qb7 24. Nxd8 Kxd8 25. Qc3 Rh6 26. Rac1 Be6 27.
Qd4+ Ke7 28. Ne5 Kf8 29. Bf3 Qb8 30. Nc6 Qe8 31. Ne5 Bb8 32. Bc6 Qe7 33.
Rfe1 g4 34. Nd7+ Nxd7 35. Bxd7 Qxd7 36. Qxd7 Bxd7 37. hxg4 hxg4 38. b5 Bf5
39. g3 Rd6 40. Re5 Bd7 41. Re3 Rd4 42. Rc4 Rxc4 43. dxc4 Be6 44. Rc3 Be5 45.
Rc2 Bf5 46. Rc1 Bd4 47. Kf1 Be4 48. Rd1 Bc5 49. Rd8+ Kg7 50. Kg1 Bc2 51. Rd7
Bxa4 52. Rxa7 Bb3 53. Rc7 Bxc4 54. Kg2 Bxb5 55. f3 Be2 56. fxg4 Bxg4 57. Rc6
f6 58. Rc7+ Kg6 59. Rc6 Bf5 60. Kf3 Bc2 61. Kg4 Bd1+ 62. Kf4 Bd4 63. Ke4 Bf2
64. Kf4 b5 65. g4 Bh4 66. Rb6 Ba4 67. Kf3 Kg5 68. Rb8 Bd1+ 69. Kg2 Be2 70.
Rg8+ Kf4 71. Rd8 Bf3+ 72. Kg1 Kxg4 73. Rd4+ Kg5 {White resigns} 0-1

[Event "ICC tourney 1911 (25 10)"]
[Site "Internet Chess Club"]
[Date "2020.07.11"]
[Round "1"]
[White "msk2018"]
[Black "geowhiz27"]
[Result "0-1"]
[ICCResult "White checkmated"]
[WhiteElo "1521"]
[BlackElo "1167"]
[Opening "Queen's pawn: London system"]
[ECO "A45"]
[NIC "QP.07"]
[Time "12:03:52"]
[TimeControl "1500+10"]

1. d4 Nf6 2. Bf4 d5 3. e3 c5 4. c3 Nc6 5. Bd3 Bg4 6. Nf3 e6 7. h3 Bh5 8. O-O
Bd6 9. Bxd6 Qxd6 10. Nbd2 Rc8 11. Re1 O-O 12. Nf1 e5 13. dxe5 Nxe5 14. Be2
Ne4 15. Nxe5 Bxe2 16. Qxe2 Qxe5 17. Nd2 f5 18. Nf3 Qe6 19. Red1 Rcd8 20. Rd3
f4 21. exf4 Rxf4 22. Re3 Qg6 23. Ne5 Qg5 24. Nf3 Qh5 25. Rd1 Rdf8 26. c4 Nf6
27. cxd5 Nxd5 28. Re5 Qg6 29. Rg5 Re4 30. Qd2 Qe8 31. Qxd5+ Kh8 32. Qxb7 Rf7
33. Qd5 h6 34. Re5 Rxe5 35. Nxe5 Rf8 36. Qxc5 Kh7 37. Nd7 Rf7 38. Qd5 Re7
39. Qd3+ Kh8 40. Qd2 Re2 41. Qc3 Qf7 42. Ne5 Qxf2+ 43. Kh1 Qxg2#
{White checkmated}
0-1

[Event "ICC tourney 1911 (25 10)"]
[Site "Internet Chess Club"]
[Date "2020.07.11"]
[Round "2"]
[White "capetarget"]
[Black "AboardBuffalo"]
[Result "0-1"]
[ICCResult "White resigns"]
[WhiteElo "1360"]
[BlackElo "1577"]
[Opening "Ruy Lopez: 5.O-O"]
[ECO "C78"]
[NIC "RL.12"]
[Time "13:47:28"]
[TimeControl "1500+10"]

1. e4 e5 2. Nf3 Nc6 3. Bb5 a6 4. Ba4 Nf6 5. O-O b5 6. Bb3 Bc5 7. Nxe5 Nxe5
8. d4 Bxd4 9. Qxd4 d6 10. c3 O-O 11. Bg5 h6 12. Bh4 c5 13. Qe3 Ng6 14. Bg3
Bb7 15. Rd1 Nxe4 16. Bc2 Nxg3 17. hxg3 Qf6 18. Na3 Rfe8 19. Qd2 Rad8 20. Nb1
Ne5 21. b3 Bf3 22. Re1 Bb7 23. Qe2 Nf3+ 24. gxf3 Rxe2 25. Rxe2 Qxf3 26. Be4
Bxe4 27. Rxe4 Qxe4 {White resigns} 0-1

[Event "ICC tourney 1911 (25 10)"]
[Site "Internet Chess Club"]
[Date "2020.07.11"]
[Round "2"]
[White "JadeTooth"]
[Black "krishghosh"]
[Result "1/2-1/2"]
[ICCResult "Game drawn by mutual agreement"]
[WhiteElo "1229"]
[BlackElo "1410"]
[Opening "Ruy Lopez: classical (Cordel) defense"]
[ECO "C64"]
[NIC "RL.01"]
[Time "13:45:40"]
[TimeControl "1500+10"]

1. e4 e5 2. Nf3 Nc6 3. Bb5 Bc5 4. O-O d6 5. d3 Bg4 6. h3 Bh5 7. Be3 Bb6 8.
Bxb6 cxb6 9. Nbd2 a6 10. Bc4 Nd4 11. c3 Nxf3+ 12. Nxf3 Ne7 13. d4 O-O 14.
Be2 Rc8 15. dxe5 Bxf3 16. Bxf3 dxe5 17. Qxd8 Rfxd8 18. Rad1 Nc6 19. Bg4 Rxd1
20. Rxd1 Rd8 21. Rxd8+ Nxd8 22. Kf1 Kf8 23. Ke2 Ke7 24. Ke3 Kd6 25. b4 b5
26. Be2 Ne6 27. g3 g5 28. Bh5 f6 29. Bg4 h6 30. Bxe6 Kxe6 31. g4 Kd6 32. Kf3
b6 33. h4 a5 34. a3 a4 35. h5 Kc6 36. Ke3 Kd6 37. Kd3 Kc6 38. c4 bxc4+ 39.
Kxc4 b5+ 40. Kc3 {Game drawn by mutual agreement} 1/2-1/2

[Event "ICC tourney 1911 (25 10)"]
[Site "Internet Chess Club"]
[Date "2020.07.11"]
[Round "2"]
[White "Niteshc"]
[Black "ReallyBadChess"]
[Result "1-0"]
[ICCResult "Black checkmated"]
[WhiteElo "1346"]
[BlackElo "1247"]
[Opening "Sicilian: Smith-Morra gambit"]
[ECO "B21"]
[NIC "SI.48"]
[Time "13:45:40"]
[TimeControl "1500+10"]

1. e4 c5 2. d4 cxd4 3. c3 d3 4. Bxd3 Nc6 5. Nf3 g6 6. Bc4 Bg7 7. O-O Nf6 8.
e5 Ng4 9. Re1 Ngxe5 10. Nxe5 Nxe5 11. Rxe5 Bxe5 12. Qd5 Bxh2+ 13. Kxh2 Qc7+
14. Kg1 e6 15. Qd4 Rg8 16. Nd2 d5 17. Bb5+ Bd7 18. Bxd7+ Qxd7 19. Nf3 a6 20.
Ne5 Qc7 21. Ng4 Kd8 22. Bg5+ Kc8 23. Nf6 Rf8 24. Nxh7 Re8 25. Nf6 Rd8 26.
Rd1 Rh8 27. Bf4 Qc6 28. Nxd5 Re8 29. Ne7+ Rxe7 30. Qd8# {Black checkmated}
1-0

[Event "ICC tourney 1911 (25 10)"]
[Site "Internet Chess Club"]
[Date "2020.07.11"]
[Round "2"]
[White "imranchamp"]
[Black "Ajitesh20091"]
[Result "0-1"]
[ICCResult "White checkmated"]
[WhiteElo "1441"]
[BlackElo "1459"]
[Opening "Giuoco Pianissimo"]
[ECO "C50"]
[NIC "IG.02"]
[Time "13:45:35"]
[TimeControl "1500+10"]

1. e4 e5 2. Nf3 Nc6 3. Bc4 Bc5 4. d3 Nf6 5. O-O d6 6. c3 h6 7. Nbd2 a6 8.
Bb3 g5 9. h3 g4 10. hxg4 Bxg4 11. Re1 h5 12. Nf1 h4 13. N1h2 Rg8 14. Nxg4
Nxg4 15. d4 Ba7 16. Nh2 Nxh2 17. Kxh2 Qf6 18. f4 Qg6 19. Qf3 exd4 20. e5
Qg3+ 21. Qxg3 hxg3+ 22. Kh3 dxe5 23. fxe5 dxc3 24. e6 f5 25. bxc3 Bf2 26.
Bh6 Bxe1 27. Rxe1 Rh8 28. Kxg3 Rxh6 29. Kf4 Ne7 30. Kg5 Rg6+ 31. Kh5 Rxg2
32. Ba4+ b5 33. c4 bxa4 34. c5 O-O-O 35. c6 Rh8# {White checkmated} 0-1

[Event "ICC tourney 1911 (25 10)"]
[Site "Internet Chess Club"]
[Date "2020.07.11"]
[Round "2"]
[White "soggydollar"]
[Black "abi2009"]
[Result "1-0"]
[ICCResult "Black resigns"]
[WhiteElo "1343"]
[BlackElo "1403"]
[Opening "Ruy Lopez: closed, Chigorin, 12...Nc6"]
[ECO "C98"]
[NIC "RL.24"]
[Time "13:45:16"]
[TimeControl "1500+10"]

1. e4 e5 2. Nf3 Nc6 3. Bb5 a6 4. Ba4 Nf6 5. O-O d6 6. Re1 Be7 7. c3 O-O 8.
h3 b5 9. Bb3 Na5 10. Bc2 c5 11. d4 Qc7 12. Nbd2 Nc6 13. Nf1 cxd4 14. cxd4
exd4 15. Bb3 Be6 16. Nxd4 Nxd4 17. Qxd4 Bxb3 18. axb3 Nd7 19. Bf4 Ne5 20.
Ne3 Nc6 21. Qd2 Rfd8 22. Rec1 Qb7 23. Qd5 Rac8 24. Nf5 Qd7 25. Rxc6 Rxc6 26.
Qxc6 Bf6 27. Qxd7 Rxd7 28. Rxa6 h6 29. Nxd6 Bxb2 30. Rb6 g5 31. Bg3 Ba3 32.
Rxb5 Bxd6 33. Rd5 Rb7 34. Rxd6 Rxb3 35. Rxh6 Kg7 36. Rd6 f6 37. e5 fxe5 38.
Bxe5+ Kf7 39. Kh2 Rb5 40. Bg3 Rf5 41. Rd4 Kg6 42. f4 gxf4 43. Rxf4 Ra5 44.
Bf2 Ra2 45. g4 Kg5 46. Rf5+ Kg6 47. Kg3 Ra3+ 48. Rf3 Ra4 49. h4 Ra5 50. h5+
{Black resigns}
1-0

[Event "ICC tourney 1911 (25 10)"]
[Site "Internet Chess Club"]
[Date "2020.07.11"]
[Round "2"]
[White "gsosa"]
[Black "tcrgm"]
[Result "1-0"]
[ICCResult "Black checkmated"]
[WhiteElo "1603"]
[BlackElo "1399"]
[Opening "Queen's pawn game"]
[ECO "D02"]
[NIC "QP.08"]
[Time "13:45:26"]
[TimeControl "1500+10"]

1. d4 d5 2. Nf3 e6 3. Bf4 Nf6 4. Nc3 c5 5. e3 Nc6 6. Nb5 Qa5+ 7. c3 e5 8.
dxe5 Nh5 9. Qxd5 Nxf4 10. exf4 Be6 11. Qd2 Rd8 12. Nd6+ Bxd6 13. exd6 O-O
14. Be2 c4 15. Ng5 Rfe8 16. O-O Qc5 17. Rad1 Rd7 18. Bf3 Ne7 19. Nxe6 fxe6
20. Bg4 Nf5 21. Bxf5 Qxf5 22. Rfe1 Red8 23. Qe2 Rxd6 24. Rxd6 Rxd6 25. Qxc4
Qc2 26. Qc8+ Kf7 27. Qc7+ Kg6 28. Qxd6 Qxb2 29. Rxe6+ Kh5 30. Qe5+ Kh4 31.
Qg5# {Black checkmated} 1-0

[Event "ICC tourney 1911 (25 10)"]
[Site "Internet Chess Club"]
[Date "2020.07.11"]
[Round "2"]
[White "geowhiz27"]
[Black "chesslin"]
[Result "1-0"]
[ICCResult "Black checkmated"]
[WhiteElo "1198"]
[BlackElo "1736"]
[Opening "Pirc: Austrian attack"]
[ECO "B06"]
[NIC "PU.06"]
[Time "13:45:19"]
[TimeControl "1500+10"]

1. e4 g6 2. d4 Bg7 3. f4 d6 4. Nc3 Nf6 5. Nf3 O-O 6. Bc4 c6 7. O-O b5 8. Bd3
a6 9. Qe1 Qb6 10. Kh1 b4 11. Ne2 c5 12. f5 c4 13. Bxc4 Nxe4 14. fxg6 hxg6
15. Nf4 Bb7 16. Nxg6 d5 17. Nxe7+ Kh7 18. Qh4+ Bh6 19. Bxd5 f5 20. Bxb7 Qxb7
21. Qxh6# {Black checkmated} 1-0

[Event "ICC tourney 1911 (25 10)"]
[Site "Internet Chess Club"]
[Date "2020.07.11"]
[Round "2"]
[White "RockroyalChess"]
[Black "StevChess01"]
[Result "1-0"]
[ICCResult "Black resigns"]
[WhiteElo "1328"]
[BlackElo "1359"]
[Opening "English opening"]
[ECO "E61"]
[NIC "KI.76"]
[Time "13:45:10"]
[TimeControl "1500+10"]

1. Nf3 Nf6 2. c4 d6 3. Nc3 g6 4. d4 Bg7 5. b3 O-O 6. Bb2 c6 7. e3 Nbd7 8.
Be2 e5 9. O-O Re8 10. d5 c5 11. e4 Nf8 12. Nd2 Bh6 13. Re1 a6 14. Nf1 Bd7
15. Bc1 Bxc1 16. Rxc1 h5 17. a3 Bg4 18. Bxg4 Nxg4 19. f3 Nf6 20. Ne3 N8h7
21. b4 Nd7 22. Rb1 b6 23. Qd2 Qg5 24. Nf1 Qxd2 25. Nxd2 Rab8 26. Na4 Nhf6
27. Rb3 b5 28. cxb5 axb5 29. Nc3 c4 30. Rb2 Rb7 31. a4 bxa4 32. Nxa4 Ra8 33.
Nc3 Nb6 34. Rc1 Nfd7 35. Kf2 Kf8 36. Ke3 Ke7 37. Ne2 Ra3+ 38. Kf2 Na4 39.
Rbc2 Ndb6 40. Nxc4 Nxc4 41. Rxc4 Nb2 42. Rc7+ Rxc7 43. Rxc7+ Kf6 44. Rd7
Nd3+ 45. Kg3 Nxb4 46. Rxd6+ Ke7 47. Rb6 Nd3 48. Rc6 Ra2 49. Nc3 Rc2 50. Nb5
Rb2 51. Na3 Nf4 52. Rc2 Rb3 53. Nc4 f6 54. Na5 f5 55. Nxb3 {Black resigns}
1-0

[Event "ICC tourney 1911 (25 10)"]
[Site "Internet Chess Club"]
[Date "2020.07.11"]
[Round "2"]
[White "chessmaster0981"]
[Black "Chessplayer44"]
[Result "1-0"]
[ICCResult "Black checkmated"]
[WhiteElo "1403"]
[BlackElo "1296"]
[Opening "Queen's pawn"]
[ECO "A40"]
[NIC "QO.17"]
[Time "13:45:16"]
[TimeControl "1500+10"]

1. d4 e6 2. Nf3 f5 3. c4 Nf6 4. Nc3 Be7 5. Bf4 O-O 6. Qc2 Nc6 7. e3 Nb4 8.
Qb3 Nc6 9. Qc2 d6 10. Bd3 Nb4 11. Qd2 Nxd3+ 12. Qxd3 Bd7 13. O-O h6 14. e4
fxe4 15. Nxe4 Bc6 16. Nxf6+ Rxf6 17. d5 exd5 18. cxd5 Bd7 19. Bd2 Bf5 20.
Qe3 Qd7 21. Nd4 Raf8 22. Bc3 Rg6 23. Rfe1 Bg5 24. Qe2 Bh4 25. Nf3 Bg4 26.
Qe4 Bf5 27. Qxh4 Rg4 28. Qe7 Qb5 29. h3 Rf4 30. Qxg7# {Black checkmated} 1-0

[Event "ICC tourney 1911 (25 10)"]
[Site "Internet Chess Club"]
[Date "2020.07.11"]
[Round "2"]
[White "natez"]
[Black "Kausy"]
[Result "0-1"]
[ICCResult "White checkmated"]
[WhiteElo "1511"]
[BlackElo "1709"]
[Opening "Queen's pawn game"]
[ECO "D02"]
[NIC "QP.08"]
[Time "13:45:17"]
[TimeControl "1500+10"]

1. d4 d5 2. Nf3 Bg4 3. Ne5 Bf5 4. c4 c6 5. Nc3 Nf6 6. Qb3 Qb6 7. Qxb6 axb6
8. cxd5 cxd5 9. e3 Bd7 10. Bd2 e6 11. Nb5 Na6 12. Rc1 Ne4 13. Nc7+ Nxc7 14.
Rxc7 Bd6 15. Rxd7 Bxe5 16. Bb5 O-O 17. dxe5 Rxa2 18. Bc1 Rc8 19. O-O Ra1 20.
f3 Nc5 21. Bd2 Ra2 22. Bb4 Nxd7 23. Bxd7 Rc7 24. Be8 Rxb2 25. Be1 Rcc2 26.
Bf2 b5 27. Bd7 b4 28. Bb5 b3 29. Ra1 Ra2 30. Rb1 Rxf2 31. Rxb3 Rxg2+ 32. Kf1
Rxh2 33. Bd3 Rh1# {White checkmated} 0-1

[Event "ICC tourney 1911 (25 10)"]
[Site "Internet Chess Club"]
[Date "2020.07.11"]
[Round "2"]
[White "Checkmatestone"]
[Black "Knightboy123"]
[Result "1-0"]
[ICCResult "Black checkmated"]
[WhiteElo "1456"]
[BlackElo "1399"]
[Opening "Sicilian"]
[ECO "B50"]
[NIC "SI.01"]
[Time "13:45:20"]
[TimeControl "1500+10"]

1. e4 c5 2. Nf3 d6 3. Bc4 e6 4. Qe2 a6 5. c3 Nf6 6. d3 Nc6 7. O-O Be7 8. Rd1
O-O 9. Bb3 d5 10. e5 Nd7 11. d4 cxd4 12. cxd4 b5 13. Nbd2 Bb7 14. Nf1 Rc8
15. Ng3 Na5 16. Bc2 Nc6 17. a3 Qc7 18. Bg5 Bxg5 19. Bxh7+ Kh8 20. Nxg5 g6
21. Qg4 f5 22. Qh4 Ndxe5 23. Bxg6+ Kg8 24. Bh7+ Kh8 25. Bxf5+ Kg8 26. Bxe6+
Kg7 27. dxe5 Nxe5 28. Bxc8 Bxc8 29. Qh7+ Kf6 30. Qxc7 b4 31. Nh7+ Ke6 32.
Nxf8+ Kf6 33. Rxd5 bxa3 34. Qxe5+ Kf7 35. Qc7+ Kf6 36. h4 axb2 37. Rd6+ Ke5
38. Ra5+ Kf4 39. Rg6# {Black checkmated} 1-0

[Event "ICC tourney 1911 (25 10)"]
[Site "Internet Chess Club"]
[Date "2020.07.11"]
[Round "2"]
[White "HarleyQueen8"]
[Black "msk2018"]
[Result "1-0"]
[ICCResult "Black checkmated"]
[WhiteElo "1519"]
[BlackElo "1498"]
[Opening "Queen's pawn game"]
[ECO "E20"]
[NIC "QP.07"]
[Time "13:45:15"]
[TimeControl "1500+10"]

1. d4 Nf6 2. c4 e6 3. Nc3 b6 4. e4 Bb7 5. Bd3 Bb4 6. Qc2 d5 7. cxd5 exd5 8.
e5 Nfd7 9. Nf3 Be7 10. O-O c5 11. Re1 c4 12. Bxh7 Nf8 13. Bf5 Nbd7 14. e6
fxe6 15. Bg6+ Nxg6 16. Qxg6+ Kf8 17. Bg5 Bxg5 18. Nxg5 Qe8 19. Nxe6+ Qxe6
20. Rxe6 Nf6 21. Rae1 Rh6 22. Qg3 Re8 23. Qd6+ Kg8 24. Rxe8+ Nxe8 25. Rxe8+
Kh7 26. Qe5 Rf6 27. Qh5+ Rh6 28. Qf5+ Rg6 29. Re6 Bc8 30. Qxg6+ Kg8 31. Re8#
{Black checkmated}
1-0

[Event "ICC tourney 1911 (25 10)"]
[Site "Internet Chess Club"]
[Date "2020.07.11"]
[Round "2"]
[White "sushivishwa"]
[Black "rpughiii"]
[Result "1-0"]
[ICCResult "Black resigns"]
[WhiteElo "1484"]
[BlackElo "1333"]
[Opening "Pirc defense"]
[ECO "B07"]
[NIC "PU.08"]
[Time "13:45:11"]
[TimeControl "1500+10"]

1. e4 d6 2. d4 Nf6 3. f3 Nbd7 4. Be3 e5 5. d5 Be7 6. Ne2 O-O 7. Qd2 c6 8.
Nbc3 cxd5 9. exd5 b6 10. O-O-O Bb7 11. g4 Rc8 12. h4 a6 13. h5 b5 14. g5 Ne8
15. Ng3 b4 16. Nce4 Qc7 17. Nf5 Bd8 18. Rh2 Nb6 19. Bxb6 Qxb6 20. Bh3 Rc7
21. Ne3 a5 22. g6 fxg6 23. Be6+ Kh8 24. hxg6 h6 25. Nf5 Rxf5 26. Rxh6+
{Black resigns}
1-0

[Event "ICC tourney 1911 (25 10)"]
[Site "Internet Chess Club"]
[Date "2020.07.11"]
[Round "2"]
[White "HAPPYKING99"]
[Black "Armandollantas"]
[Result "0-1"]
[ICCResult "White resigns"]
[WhiteElo "1246"]
[BlackElo "1559"]
[Opening "French: advance, Paulsen attack"]
[ECO "C02"]
[NIC "FR.03"]
[Time "13:45:06"]
[TimeControl "1500+10"]

1. e4 e6 2. d4 d5 3. e5 c5 4. c3 Nc6 5. Nf3 Qb6 6. a3 c4 7. Nbd2 Na5 8. Be2
Bd7 9. O-O Ne7 10. h3 Ng6 11. Re1 Be7 12. g3 Bd8 13. Kg2 O-O 14. Rh1 Rc8 15.
h4 h6 16. Nf1 Nb3 17. Rb1 Ne7 18. g4 Nxc1 19. Qxc1 Ba4 20. h5 f6 21. exf6
Rxf6 22. Ne5 Bc7 23. Bd1 Bxd1 24. Nd7 Bf3+ 25. Kg1 Qd6 26. Nxf6+ gxf6 27.
Rh4 Qf4 28. Qe1 Be4 29. Rd1 Qf3 30. Ne3 Bf4 31. Rd2 Kf7 32. Qf1 Bxe3 33. Rh3
Qxg4+ 34. Rg3 Qxg3+ {White resigns} 0-1

[Event "ICC tourney 1911 (25 10)"]
[Site "Internet Chess Club"]
[Date "2020.07.11"]
[Round "2"]
[White "poohfur"]
[Black "ThunderingFish"]
[Result "0-1"]
[ICCResult "White resigns"]
[WhiteElo "1428"]
[BlackElo "1561"]
[Opening "Sicilian: Anderssen variation"]
[ECO "B41"]
[NIC "SI.41"]
[Time "13:45:23"]
[TimeControl "1500+10"]

1. e4 c5 2. Nf3 e6 3. d4 cxd4 4. Nxd4 Nf6 5. Bf4 e5 6. Bxe5 Qa5+ 7. Nc3 Qxe5
8. Nf3 Qa5 9. Bc4 Bb4 10. O-O Bxc3 11. bxc3 O-O 12. e5 Ng4 13. Qd4 Nh6 14.
Rfe1 Nc6 15. Qe4 Re8 16. Ng5 g6 17. Qh4 Kg7 18. Nxf7 Ng8 19. Nh6 d5 20. exd6
Rxe1+ 21. Rxe1 Qxc3 22. Kf1 Qf6 23. Qe4 Nxh6 24. Qe8 Ng4 25. f3 Nxh2+ 26.
Kg1 Nxf3+ 27. gxf3 Qd4+ 28. Kg2 Bh3+ {White resigns} 0-1

[Event "ICC tourney 1911 (25 10)"]
[Site "Internet Chess Club"]
[Date "2020.07.11"]
[Round "2"]
[White "Aarush37"]
[Black "JunlinTheWorld"]
[Result "0-1"]
[ICCResult "White resigns"]
[WhiteElo "1494"]
[BlackElo "1687"]
[Opening "Sicilian: accelerated fianchetto, Breyer variation"]
[ECO "B39"]
[NIC "SI.33"]
[Time "13:45:35"]
[TimeControl "1500+10"]

1. e4 c5 2. Nf3 Nc6 3. d4 cxd4 4. Nxd4 g6 5. c4 Bg7 6. Be3 Nf6 7. Nc3 Ng4 8.
Qxg4 Nxd4 9. Qd1 Ne6 10. Be2 b6 11. O-O Bxc3 12. bxc3 Bb7 13. f3 O-O 14. Qc2
Qc7 15. f4 Qc6 16. Bd3 Nc5 17. Bxc5 Qxc5+ 18. Kh1 d6 19. Rab1 f6 20. Rf3 Bc6
21. Rg3 Kh8 22. Qe2 e5 23. Rf1 exf4 24. Rxf4 Rae8 25. Qf3 Qe5 26. Rh4 Qxc3
27. h3 f5 28. Rxg6 Qe1+ 29. Kh2 Qxh4 30. g3 Qe7 31. Qh5 fxe4 32. Be2 Rf2+
33. Kg1 Rxe2 {White resigns} 0-1

[Event "ICC tourney 1911 (25 10)"]
[Site "Internet Chess Club"]
[Date "2020.07.11"]
[Round "2"]
[White "atippa"]
[Black "ruitang"]
[Result "1/2-1/2"]
[ICCResult "Game drawn by mutual agreement"]
[WhiteElo "1298"]
[BlackElo "1469"]
[Opening "English opening"]
[ECO "A05"]
[NIC "QP.11"]
[Time "13:45:09"]
[TimeControl "1500+10"]

1. Nf3 Nf6 2. c4 g6 3. Nc3 d5 4. e3 Bg7 5. g3 O-O 6. Bg2 c5 7. cxd5 Nxd5 8.
O-O Nc6 9. Nxd5 Qxd5 10. Nd4 Qd6 11. Nxc6 bxc6 12. d3 Ba6 13. Re1 Rfc8 14.
d4 cxd4 15. exd4 Bxd4 16. Bf4 Qf6 17. Rb1 Rd8 18. Qa4 Bb5 19. Qb4 e5 20. Be3
Rab8 21. Bxd4 exd4 22. Qa3 a6 23. b4 d3 24. Qb2 Qd6 25. Qd2 Re8 26. Rxe8+
Rxe8 27. Bf1 Kg7 28. a4 Bxa4 29. Qxd3 Qxd3 30. Bxd3 Bb5 31. Bxb5 axb5 32. f4
Kf6 33. Kf2 Re4 34. Rc1 Rxb4 35. Rxc6+ Ke7 36. h4 Rb1 37. Rb6 b4 38. Ke2 b3
39. Kf3 b2 40. Kg4 h6 41. f5 h5+ 42. Kg5 Rf1 43. f6+ Kd7 44. Rxb2 Rf5+ 45.
Kh6 Rxf6 46. Rg2 Ke6 47. g4 hxg4 48. Rxg4 Rf5 49. Kh7 Kf6 50. Ra4
{Game drawn by mutual agreement}
1/2-1/2